 Dungeon Crawl Stone Soup version 0.30-a0-1035-g38d5fb2972 (webtiles) character file.

Game seed: 601419387627857545

511 HoaS the Skirmisher (level 7, -1/50 HPs)
             Began as a Formicid Hunter on Apr 8, 2023.
             Slain by an ogre
             ... wielding a +0 giant spiked club
              (23 damage)
             ... on level 3 of the Dungeon.
             The game lasted 00:06:24 (2189 turns).

HoaS the Skirmisher (Formicid Hunter)               Turns: 2189, Time: 00:06:24

Health: -1/50      AC:  7    Str: 15    XL:     7   Next: 43%
Magic:  7/7        EV: 12    Int:  9    God:
Gold:   99         SH:  0    Dex: 19    Spells: 6/6 levels left

rFire   . . .      SeeInvis +    a - +1 shortbow
rCold   . . .      Faith    .    (no shield)
rNeg    . . .      Spirit   .    c - +0 leather armour
rPois   +          Reflect  .    (helmet unavailable)
rElec   .          Rampage  .    d - +2 cloak {rCorr}
rCorr   +                        (no gloves)
Will    .....                    h - +0 pair of boots
Stlth   ++                       (no amulet)
HPRegen 0.28/turn                k - ring of poison resistance
MPRegen 0.10/turn                (no ring)

@: no status effects
A: permanent stasis, dig shafts and tunnels, antennae 3, four strong arms
a: Dig, Shaft Self


You were on level 3 of the Dungeon.
You visited 1 branch of the dungeon, and saw 3 of its levels.

You collected 99 gold pieces.

Inventory:

Hand Weapons
 a - a +1 shortbow (weapon)
Armour
 c - a +0 leather armour (worn)
 d - a +2 cloak of preservation (worn)
 h - a +0 pair of boots (worn)
Jewellery
 k - a ring of poison resistance (left hand)
Scrolls
 b - a scroll of immolation
 f - a scroll of noise {unknown}
Potions
 e - a potion of lignification
 g - a potion of ambrosia
 i - a potion of curing {unknown}
 j - a potion of brilliance {unknown}


   Skills:
 - Level 2.1 Fighting
 + Level 8.4 Ranged Weapons
 - Level 1.7 Dodging
 - Level 1.2 Stealth


You had 6 spell levels left.
You didn't know any spells.
Your spell library was empty.

Dungeon Overview and Level Annotations

Branches:
Dungeon (3/15)

Altars:
Fedhas

Annotations:
D:3 3 runed translucent doors, kae's ghost, amateur HOFi


Innate Abilities, Weirdness & Mutations

You cannot be hasted, slowed, berserked, paralysed or teleported.
You can dig through walls and to a lower floor.
You have a pair of large antennae on your head. (SInv)
Your four strong arms can wield two-handed weapons with a shield.


Message History

You open the door.
There is an open door here.
Found a stone staircase leading up.
A hobgoblin comes into view. It is wielding a +0 spear.
A hobgoblin is nearby!
You shoot an arrow. The hobgoblin shouts!
The arrow hits the hobgoblin!
You kill the hobgoblin!
No target in view!
There is a stone staircase leading up here.
i - a murky white potion You see here a +0 spear.
Found a blossoming altar of Fedhas.
An orc comes into view. It is wielding a +0 short sword.
You shoot an arrow. The arrow hits the orc.
The orc shouts!
The orc is severely wounded.
You shoot an arrow. The arrow hits the orc!
You kill the orc!
No target in view!
You sense a monster nearby.
You open the door.
An ogre comes into view. It is wielding a +0 giant spiked club.
The ogre shouts!
You shoot an arrow. The arrow hits the ogre!
The ogre is moderately wounded.
The ogre attacks as you move away!
The ogre hits you with a +0 giant spiked club!!
Ouch! That really hurt!
You are too injured to fight recklessly!
You are too injured to fight recklessly!
You shoot an arrow.
The arrow hits the ogre but does no damage.
The ogre is moderately wounded.
The ogre barely misses you.
You shoot an arrow. The arrow hits the ogre.
The ogre is heavily wounded.
The ogre hits you with a +0 giant spiked club!!
You die...

#.....#######...####
#..##..............######
#.#.......##.##.##.##...#
#>.##........#...#.##.###
##..##.###.##..._...##.#
#..##### #....#...#....#
{
#.##W{.######.##.##...##
#.#K#{#{## #....)...##
##.+{{#K.{# ##@##....#
##..+{.K.{{# #O#######
#...+..#...# #'#
#.#.#.#.#.## ...
#.#.##.⌠.## .....
#.#..##### .......
#.###....###.........
...........+.........+
#.###....###.........#


You could see an ogre.

Vanquished Creatures
  Grinder (D:3)
  Sigmund (D:2)
  A jelly (D:2)
  Crazy Yiuf (D:2)
  An iguana (D:2)
  3 adders
  A worm (D:2)
  3 dart slugs
  2 orcs (D:3)
  7 endoplasms
  2 giant cockroaches
  6 goblins
  8 hobgoblins
  4 quokkas
  6 ball pythons
  A bat (D:1)
  A frilled lizard (D:1)
  4 kobolds
  6 rats
59 creatures vanquished.

Notes
Turn   | Place    | Note
-------+----------+-------------------------------------------
     0 | D:1      | HoaS the Formicid Hunter began the quest for the Orb.
     0 | D:1      | Reached XP level 1. HP: 16/16 MP: 1/1
   233 | D:1      | Reached XP level 2. HP: 22/22 MP: 2/2
   642 | D:1      | Reached XP level 3. HP: 27/27 MP: 3/3
   757 | D:2      | Noticed Sigmund
   845 | D:2      | Reached skill level 5 in Ranged Weapons
   985 | D:2      | Reached XP level 4. HP: 11/33 MP: 4/4
  1155 | D:2      | Killed Sigmund
  1156 | D:2      | Reached skill level 7 in Ranged Weapons
  1156 | D:2      | Reached XP level 5. HP: 18/38 MP: 5/5
  1156 | D:2      | Reached XP level 6. HP: 21/44 MP: 6/6
  1367 | D:2      | Found a runed translucent door.
  1368 | D:2      | Noticed Crazy Yiuf
  1608 | D:2      | Killed Crazy Yiuf
  1671 | D:3      | Identified the +9 whip "Ciafuap" {freeze, rN+ Int+5}
  1886 | D:3      | Noticed Grinder
  1901 | D:3      | Killed Grinder
  1902 | D:3      | Reached skill level 8 in Ranged Weapons
  1902 | D:3      | Reached XP level 7. HP: 44/50 MP: 7/7
  1913 | D:3      | Found a runed translucent gate.
  1913 | D:3      | Found a runed translucent gate.
  1913 | D:3      | Found a runed translucent gate.
  1915 | D:3      | Noticed kae's ghost (amateur HOFi)
  1934 | D:3      | Found a faded altar of an unknown god.
  2127 | D:3      | Found a blossoming altar of Fedhas.
  2189 | D:3      | Slain by an ogre

Illustrated notes

Levels and vault maps discovered:
D:1:      nzn_arrival_depleted_hourglass, layout_loops_ring
D:2:      layout_rooms, uniq_crazy_yiuf_cottage, uniq_sigmund
D:3:      layout_loops_corners, nzn_hepliaklqana_mist_gate,
          mainiacjoe_overflow_paths, gammafunk_ghost_nasty_kobolds,
          ebering_ecumenical_altar_box, dreamdust_princess_corridor,
          saegor_snake_ambush, uniq_grinder

Skill      XL: |  1  2  3  4  5  6 |
---------------+-------------------+-----
Ranged Weapons | 5 7 8 |  8.4
Fighting       | |  2.1
Dodging        | |  1.7
Stealth        | |  1.2

Action                     |  1- 3 |  4- 6 |  7- 9 || total
---------------------------+-------+-------+-------++-------
   Fire: Shortbow          |    67 |    83 |    13 ||   163
Ability: Dig               |     4 |       |       ||     4
    Use: Scroll            |       |     7 |       ||     7
 Armour: Leather armour    |     5 |     9 |       ||    14
  Dodge: Dodged            |    15 |    21 |     1 ||    37

Table legend: (Time is in decaauts)
 A = Elapsed time spent in this place.
 B = Non-inter-level travel time spent in this place.
 C = Inter-level travel time spent in this place.
 D = Time resting spent in this place.
 E = Time spent auto-exploring this place.
 F = Levels seen in this place.
 G = Mean time per level.
                   A        B        C        D        E       F      G
               +--------+--------+--------+--------+--------+-----+--------+
         Total |   2246 |   2157 |     89 |    373 |   1376 |   3 |  748.7 |
       Dungeon |   2246 |   2157 |     89 |    373 |   1376 |   3 |  748.7 |
               +--------+--------+--------+--------+--------+-----+--------+

Top non-repeatable levels by time:
     D:1: 993 daAuts
     D:2: 709 daAuts
     D:3: 544 daAuts
